 Dungeon Crawl Stone Soup version 0.21.1-1-g345015f (webtiles) character file.

1140 dvd the Spear-Bearer (level 8, -7/61 HPs)
             Began as a Merfolk Gladiator on July 1, 2018.
             Was a Follower of Okawaru.
             Mangled by a small abomination (8 damage)
             ... on level 1 of the Abyss.
             The game lasted 00:13:55 (5349 turns).

dvd the Spear-Bearer (Merfolk Gladiator)            Turns: 5349, Time: 00:13:56

Health: -7/61      AC:  7    Str: 15    XL:     8   Next: 37%
Magic:  0/8        EV: 14    Int:  9    God:    Okawaru [*.....]
Gold:   347        SH:  0    Dex: 15    Spells: 7/7 levels left

rFire    + . .     SeeInvis .   p - +2 quarterstaff (chaos)
rCold    x . .     Gourm    .   (shield currently unavailable)
rNeg     . . .     Faith    .   n - +0 ring mail
rPois    .         Spirit   +   c - +0 helmet
rElec    .         Reflect  .   v - +0 cloak
rCorr    .         Harm     .   (no gloves)
MR       .....                  (no boots)
Stlth    +.........             G - amulet of guardian spirit
HPRegen  0.20/turn              o - ring of fire
MPRegen  0.11/turn              (no ring)

@: no status effects
A: change form in water, swift swim, stealthy swim
a: Heroism, Renounce Religion


You were on level 1 of the Abyss.
You worshipped Okawaru.
Okawaru was aware of your devotion.
You were not hungry.

You visited 1 branch of the dungeon, and saw 6 of its levels.
You visited the Abyss 1 time.

You collected 347 gold pieces.

Inventory:

Hand Weapons
 a - a +0 trident
 p - a +2 quarterstaff of chaos (weapon)
 u - a +2 war axe of flaming
 I - a +3 scimitar of flaming
Missiles
 d - 3 throwing nets
 x - 10 javelins (quivered)
Armour
 b - a +0 leather armour
 c - a +0 helmet (worn)
 n - a +0 ring mail (worn)
 v - a +0 cloak (worn)
Jewellery
 m - an uncursed amulet of rage
 o - a ring of fire (left hand)
 G - an amulet of guardian spirit (around neck)
Wands
 A - a wand of clouds (8)
Scrolls
 e - 3 scrolls of fear
 h - 4 scrolls of remove curse
 i - a scroll of teleportation
 j - 2 scrolls of immolation
 q - 2 scrolls of noise {unknown}
 w - a scroll of identify {unknown}
 y - a scroll of enchant weapon {unknown}
 B - a scroll of enchant armour {unknown}
 D - a scroll of blinking {unknown}
Potions
 g - a potion of ambrosia {unknown}
 k - 3 potions of lignification {unknown}
 l - a potion of agility
 r - a potion of magic {unknown}
 s - a potion of brilliance {unknown}
 t - a potion of might {unknown}
 z - a potion of invisibility {unknown}
 C - a potion of degeneration {unknown}
 E - a potion of berserk rage {unknown}
 F - 2 potions of curing
Comestibles
 f - 14 rations
 H - 7 chunks of flesh


   Skills:
 + Level 4.4 Fighting
 + Level 1.6(4.1) Axes
 + Level 10.3(10.5) Polearms
 + Level 0.8(3.8) Staves
 + Level 2.3 Throwing
 + Level 2.8 Armour
 + Level 5.4 Dodging
 + Level 1.4 Stealth
 + Level 0.3 Evocations


You had 7 spell levels left.
You didn't know any spells.

Dungeon Overview and Level Annotations

Branches:
Dungeon (6/15)
 Temple: D:4-7

Altars:
Okawaru

Annotations:
D:5 5 runed doors


Message History

The small abomination completely misses you.
You hit the small abomination. You freeze the small abomination.
The small abomination is heavily damaged.
The small abomination misses you. The small abomination hits you!
* * * LOW HITPOINT WARNING * * *
You closely miss the small abomination.
The small abomination is heavily damaged.
The small abomination hits you.
* * * LOW HITPOINT WARNING * * *
You hit the small abomination.
The small abomination is severely damaged.
The small abomination hits you!
* * * LOW HITPOINT WARNING * * *
You feel better. The small abomination hits you!
* * * LOW HITPOINT WARNING * * *
Unknown command.
You barely miss the small abomination.
The small abomination is severely damaged.
The small abomination hits you!
You die...

#.... #∩.#.§..#.
##..# ##.. . #R
#..####.#..# §
#.......#.## #
##..#...#.###. .
##......# .
#......## .
#####...##.# #
......5@.#... .
.#####.x........
#...##.### #..#.
# #.###. #. #.
.. .. .. ##


You could see a small abomination and an iron imp.

Vanquished Creatures
  An efreet (Abyss:1)
  A sky beast (D:5)
  A centaur (D:5)
  2 crimson imps (D:5)
  A jelly (D:6)
  A hound (D:5)
  Crazy Yiuf (D:3)
  2 centaur zombies (D:6)
  3 orc priests
  2 orc wizards
  2 centaur skeletons
  An iguana (D:5)
  2 worker ants
  A worker ant zombie (D:5)
  9 adders
  2 shadow imps
  2 oozes
  2 adder zombies (D:5)
  A worm (D:2)
  2 dart slugs
  2 leopard geckos (D:3)
  10 orcs
  4 ball pythons
  A bat (D:1)
  6 giant cockroaches
  10 goblins
  6 hobgoblins
  3 jackals (D:6)
  3 frilled lizards (D:1)
  A jackal skeleton (D:5)
  4 kobolds
  7 rats
96 creatures vanquished.

Notes
Turn   | Place    | Note
-------+----------+-------------------------------------------
     0 | D:1      | dvd the Merfolk Gladiator began the quest for the Orb.
     0 | D:1      | Reached XP level 1. HP: 16/16 MP: 1/1
    32 | D:1      | Reached skill level 5 in Polearms
    85 | D:1      | Reached XP level 2. HP: 22/22 MP: 2/2
   470 | D:2      | Reached XP level 3. HP: 28/28 MP: 3/3
  1551 | D:3      | Reached XP level 4. HP: 27/34 MP: 4/4
  1606 | D:3      | Reached skill level 6 in Polearms
  2051 | D:3      | Found a runed door.
  2055 | D:3      | Noticed Crazy Yiuf
  2065 | D:3      | Killed Crazy Yiuf
  2323 | D:4      | Reached skill level 1 in Armour
  2323 | D:4      | Reached XP level 5. HP: 40/40 MP: 5/5
  2491 | D:4      | Reached skill level 7 in Polearms
  3157 | D:4      | Reached XP level 6. HP: 47/47 MP: 6/6
  3177 | D:4      | Found an iron altar of Okawaru.
  3185 | D:4      | Became a worshipper of Warmaster Okawaru
  3611 | D:5      | Entered Level 5 of the Dungeon
  3648 | D:5      | Noticed a sky beast
  3660 | D:5      | Killed a sky beast
  3660 | D:5      | Reached skill level 8 in Polearms
  3769 | D:5      | Reached skill level 1 in Axes
  3844 | D:5      | Reached skill level 1 in Stealth
  3844 | D:5      | Reached XP level 7. HP: 9/52 MP: 7/7
  4142 | D:5      | Reached * piety under Okawaru
  4178 | D:5      | Reached skill level 9 in Polearms
  4778 | D:5      | Found the +9 staff of Olgreb {rPois}
  4804 | D:5      | Noticed a soldier ant
  4804 | D:5      | Noticed a soldier ant
  4804 | D:5      | Noticed a soldier ant
  4804 | D:5      | Noticed a soldier ant
  4805 | D:5      | Found a runed gate.
  4805 | D:5      | Noticed a soldier ant
  4810 | D:5      | Found a runed door.
  4842 | D:5      | Found a runed gate.
  4844 | D:5      | Found a runed gate.
  4852 | D:5      | Found a runed door.
  5179 | D:6      | Reached XP level 8. HP: 49/60 MP: 3/8
  5181 | D:6      | Reached skill level 5 in Dodging
  5252 | D:6      | Cast into level 1 of the Abyss (gnoll)
  5301 | Abyss:1  | Noticed an efreet
  5330 | Abyss:1  | Killed an efreet
  5330 | Abyss:1  | Reached skill level 10 in Polearms
  5348 | Abyss:1  | HP: 1/61 [small abomination (13)]
  5349 | Abyss:1  | Mangled by a small abomination

Skill      XL: |  1  2  3  4  5  6  7  8 |
---------------+-------------------------+-----
Polearms       | 5 6 7 8 9 10 | 10.3
Armour         | 1 2 |  2.8
Fighting       | 3 4 |  4.4
Axes           | 1 |  1.6
Stealth        | 1 |  1.4
Dodging        | 5 |  5.4
Staves         | |  0.8
Throwing       | |  2.3
Evocations     | |  0.3

Action                   |  1- 3 |  4- 6 |  7- 9 || total
-------------------------+-------+-------+-------++-------
Melee: Trident           |   108 |   119 |   138 ||   365
       War axe           |       |    24 |     1 ||    25
       Quarterstaff      |       |       |    28 ||    28
Throw: Javelin           |       |       |     2 ||     2
Invok: Heroism           |       |       |     1 ||     1
 Abil: Evoke Berserk Rag |       |     2 |       ||     2
  Use: Scroll            |     6 |       |       ||     6
       Potion            |       |       |     2 ||     2
 Stab: Sleeping          |     3 |       |       ||     3
       Distracted        |       |       |     1 ||     1
  Eat: Chunk             |     2 |     9 |     5 ||    16
Armor: Leather armour    |     6 |       |       ||     6
       Ring mail         |    11 |    49 |    30 ||    90
Dodge: Dodged            |    47 |    55 |    86 ||   188
